 Dungeon Crawl Stone Soup version 0.29-a0-700-g2f1814c7b2 (webtiles) character file.

Game seed: 9218170967243734452

284 Sabo the Chopper (level 6, 0/53 HPs)
             Began as a Hill Orc Fighter on June 25, 2022.
             Was a Priest of Nemelex Xobeh.
             Killed by nerve-wracking pain
             ... invoked by an orc priest
              (14 damage)
             ... on level 5 of the Dungeon.
             The game lasted 00:17:24 (3365 turns).

Sabo the Chopper (Hill Orc Fighter)                 Turns: 3365, Time: 00:17:26

Health: 0/53       AC: 27    Str: 21    XL:     6   Next: 29%
Magic:  6/6        EV:  7    Int:  8    God:    Nemelex Xobeh [***...]
Gold:   196        SH:  0    Dex: 10    Spells: 5/5 levels left

rFire   . . .      SeeInvis .   l - +0 battleaxe
rCold   . . .      Faith    .   (shield currently unavailable)
rNeg    . . .      Spirit   .   r - +18 Lear's hauberk
rPois   .          Reflect  .   (helmet currently unavailable)
rElec   .          Harm     .   (no cloak)
rCorr   .          Rampage  .   (gloves currently unavailable)
Will    .....                   (boots currently unavailable)
Stlth   ..........              t - amulet of the acrobat
HPRegen 0.17/turn               (no ring)
MPRegen 0.10/turn               (no ring)

@: lethally poisoned (0 -> -4)
A: no striking features
a: Renounce Religion, Convert to Beogh, Draw Escape, Draw Destruction, Draw
Summoning, Triple Draw


You were on level 5 of the Dungeon.
You worshipped Nemelex Xobeh.
Nemelex Xobeh was most pleased with you.
You visited 1 branch of the dungeon, and saw 5 of its levels.

You collected 196 gold pieces.

Inventory:

Hand Weapons
 a - a +0 war axe
 k - a +0 hunting sling
 l - a +0 battleaxe (weapon)
Missiles
 n - 12 poisoned darts (quivered)
 s - 2 boomerangs
Armour
 c - a +0 buckler
 r - the +18 Lear's hauberk (worn)
   (You found it on level 2 of the Dungeon)
Jewellery
 t - an amulet of the acrobat (around neck)
Scrolls
 e - a scroll of fog {unknown}
 g - 3 scrolls of enchant weapon
 i - a scroll of teleportation
 m - a scroll of poison
 q - 2 scrolls of immolation {unknown}
 v - a scroll of magic mapping {unknown}
 x - a scroll of noise {unknown}
 y - a scroll of vulnerability {unknown}
Potions
 d - a potion of might
 f - 2 potions of flight {unknown}
 h - a potion of berserk rage {unknown}
 j - 2 potions of mutation
 o - a potion of cancellation {unknown}
 p - a potion of heal wounds {unknown}
 u - 2 potions of ambrosia {unknown}
 w - a potion of resistance {unknown}


   Skills:
 + Level 4.4 Fighting
 + Level 6.7 Axes
 + Level 4.2 Armour
 + Level 0.4 Dodging
 + Level 0.6 Stealth
 + Level 3.6 Shields


You had 5 spell levels left.
You didn't know any spells.
Your spell library contained the following spells:

 Spells                   Type           Power      Damage    Failure   Level
 Shock                    Conj/Air       0%         1d3       98%         1
 Swiftness                Air            0%         N/A       100%        3
 Airstrike                Air            0%         N/A       100%        4


Dungeon Overview and Level Annotations

Branches:
Dungeon (5/15)
 Temple: D:4-7

Altars:
Nemelex Xobeh
Wu Jian
Yredelemnul


Message History

You are more poisoned.
The orc priest closely misses you.
You closely miss something. You barely miss the orc priest.
The orc priest shouts, "Surrender to Beogh and we'll let you live!"
You feel very sick. Something hits you but does no damage.
You are more poisoned.
The orc priest shouts, "Join the one true god or die!"
The orc priest closely misses you.
The orc priest hits you but does no damage.
Something hits you but does no damage.
You are lethally poisoned!
Something hits you but does no damage.
You are more poisoned.
You feel extremely sick.
* * * LOW HITPOINT WARNING * * *
You feel extremely sick.
You closely miss something.
* * * LOW HITPOINT WARNING * * *
You feel very sick.
The orc priest shouts, "Join the one true god or die!"
Something hits you but does no damage.
You are more poisoned.
It was a potion of curing.
You feel better. Something hits you but does no damage.
You are poisoned.
The orc priest looks encouraged for a moment.
You feel better. Something hits you but does no damage.
You are poisoned.
You slice something!!
Reactivating autopickup.
You feel a bit more experienced.
You feel very sick.
You barely miss the orc priest.
You feel sick.
The orc priest hits you with a +0 dagger.
* * * LOW HITPOINT WARNING * * *
The orc priest calls down the wrath of Beogh upon you.
Pain shoots through your body!
You die...
Your body glows with a rainbow of weird colours and disappears.

#...#..###..#..<...
#...#..............
#...#..............
##.####8###8###⌠###
#..#.###.##########
###
....[..)........
#.##.###o###.#.#
#o# #@# #.....#
#######


You could see an orc priest and an orc.

Vanquished Creatures
  A scorpion (D:4)
  An orc priest (D:4)
  A hound (D:4)
  Jessica (D:3)
  An orc wizard (D:5)
  Terence (D:3)
  3 adders
  A worm (D:3)
  2 dart slugs
  9 orcs
  4 endoplasms
  2 giant cockroaches
  4 goblins
  6 hobgoblins
  2 jackals (D:3)
  6 kobolds
  A quokka (D:1)
  7 ball pythons
  A bat (D:2)
  2 frilled lizards (D:1)
  A rat (D:3)
57 creatures vanquished.

Notes
Turn   | Place    | Note
-------+----------+-------------------------------------------
     0 | D:1      | Sabo the Hill Orc Fighter began the quest for the Orb.
     0 | D:1      | Reached XP level 1. HP: 19/19 MP: 1/1
    38 | D:1      | Found a faded altar of an unknown god.
    46 | D:1      | Prayed at the altar of an unknown god.
    46 | D:1      | Became a worshipper of Nemelex Xobeh the Trickster
    46 | D:1      | Reached * piety under Nemelex Xobeh
   251 | D:1      | Reached XP level 2. HP: 23/27 MP: 2/2
   990 | D:2      | Reached skill level 3 in Axes
  1035 | D:2      | Received a gift from Nemelex Xobeh
  1198 | D:2      | Reached XP level 3. HP: 5/33 MP: 3/3
  1605 | D:2      | Found the +18 Lear's hauberk
  1650 | D:2      | Reached ** piety under Nemelex Xobeh
  2142 | D:3      | Noticed Terence
  2153 | D:3      | Reached skill level 4 in Axes
  2153 | D:3      | Killed Terence
  2154 | D:3      | Reached XP level 4. HP: 38/40 MP: 4/4
  2168 | D:3      | Received a gift from Nemelex Xobeh
  2292 | D:3      | Found a basalt altar of Yredelemnul.
  2383 | D:3      | Noticed Jessica
  2396 | D:3      | Killed Jessica
  2397 | D:3      | Reached skill level 5 in Axes
  2397 | D:3      | Reached XP level 5. HP: 36/46 MP: 5/5
  2916 | D:4      | Reached skill level 6 in Axes
  2958 | D:4      | Found an ornate altar of the Wu Jian Council.
  3062 | D:4      | Reached XP level 6. HP: 53/53 MP: 6/6
  3291 | D:5      | Entered Level 5 of the Dungeon
  3340 | D:5      | Reached *** piety under Nemelex Xobeh
  3365 | D:5      | Killed from afar by an orc priest

Illustrated notes

Levels and vault maps discovered:
D:1:      tarquinn_simple_flora_water_a, layout_basic,
          ebering_ecumenical_altar_webs, kennysheep_pointless_box,
          minmay_statues_item
D:2:      layout_loops_ring, minmay_tripent
D:3:      layout_rooms, mainiacjoe_overflow_boulevard, uniq_jessica,
          uniq_terence
D:4:      cheibrodos_greedy_goblins, layout_loops_cross,
          nicolae_wu_jian_glorious_leap
D:5:      layout_basic, serial_corexii_hall, chequers_hall_statues_wall_a,
          chequers_hall_statues_wall_a, uniq_blork_the_orc

Skill      XL: |  1  2  3  4  5 |
---------------+----------------+-----
Axes           | 3 4 5 6 |  6.7
Fighting       | 4 |  4.4
Armour         | 4 |  4.2
Dodging        | |  0.4
Stealth        | |  0.6
Shields        | |  3.6

Action                   |  1- 3 |  4- 6 || total
-------------------------+-------+-------++-------
Melee: War axe           |    27 |       ||    27
       Battleaxe         |    92 |    67 ||   159
  Use: Scroll            |     5 |       ||     5
       Potion            |       |     2 ||     2
Armor: Scale mail        |    35 |       ||    35
       Chain mail        |    70 |    56 ||   126
Dodge: Dodged            |    64 |    31 ||    95
Block: Buckler           |     4 |       ||     4

Table legend: (Time is in decaauts)
 A = Elapsed time spent in this place.
 B = Non-inter-level travel time spent in this place.
 C = Inter-level travel time spent in this place.
 D = Time resting spent in this place.
 E = Time spent auto-exploring this place.
 F = Levels seen in this place.
 G = Mean time per level.
                   A        B        C        D        E       F      G
               +--------+--------+--------+--------+--------+-----+--------+
         Total |   3453 |   3453 |      0 |    602 |      0 |   5 |  690.6 |
       Dungeon |   3453 |   3453 |      0 |    602 |      0 |   5 |  690.6 |
               +--------+--------+--------+--------+--------+-----+--------+

Top non-repeatable levels by time:
     D:2: 1057 daAuts
     D:1: 936 daAuts
     D:3: 697 daAuts
     D:4: 683 daAuts
     D:5: 77 daAuts
